 Dungeon Crawl Stone Soup version 0.24.0-123-gd5b16e6ec5 (webtiles) character file.

Game seed: 7621677989157635293, levelgen mode: deterministic

15703 Curus the Fencer (level 12, 0/100 HPs)
             Began as a Minotaur Monk on Jan 29, 2020.
             Was a High Priest of Okawaru.
             Slain by a catoblepas (27 damage)
             ... on level 5 of the Lair of Beasts.
             The game lasted 00:47:46 (10379 turns).

Curus the Fencer (Minotaur Monk)                   Turns: 10379, Time: 00:47:47

Health: 0/100      AC:  9    Str: 21    XL:     12   Next: 3%
Magic:  17/17      EV: 17    Int:  3    God:    Okawaru [*****.]
Gold:   725        SH:  0    Dex: 21    Spells: 11/11 levels left

rFire    . . .     SeeInvis .   F - +1 great sword of Linearity {speed, +Inv rElec}
rCold    + . .     Gourm    .   (shield currently unavailable)
rNeg     + . .     Faith    .   n - +0 leather armour "Ywajowus" {rC+ Str+4 Dex+5}
rPois    +         Spirit   .   e - +3 hat "Rolaofau" {rPois Regen+ Int-5}
rElec    +         Reflect  .   f - +1 cloak
rCorr    .         Harm     .   (no gloves)
MR       +....                  k - +0 pair of boots
Stlth    ++........             r - amulet of magic regeneration
HPRegen  0.66/turn              j - ring of positive energy
MPRegen  0.40/turn              t - ring of protection from magic

@: no status effects
A: retaliatory headbutt, horns 2
a: Heroism, Finesse, Renounce Religion, Evoke Invisibility


You were on level 5 of the Lair of Beasts.
You worshipped Okawaru.
Okawaru was extremely pleased with you.
You were hungry.

You visited 3 branches of the dungeon, and saw 14 of its levels.

You collected 725 gold pieces.

Inventory:

Hand Weapons
 a - a +1 falchion
 s - a +3 falchion
 B - a +0 scimitar
 F - the +1 great sword of Linearity (weapon) {speed, +Inv rElec}
   (Okawaru gifted it to you on level 2 of the Lair of Beasts)

   Attacks with this weapon are significantly faster.
   It insulates you from electricity.
   It lets you turn invisible.
Armour
 b - a +0 robe
 d - a +0 ring mail
 e - the +3 hat "Rolaofau" (worn) {rPois Regen+ Int-5}
   (Okawaru gifted it to you on level 4 of the Lair of Beasts)

   It affects your intelligence (-5).
   It protects you from poison.
   It increases your rate of regeneration.
 f - a +1 cloak (worn)
 k - a +0 pair of boots (worn)
 n - the +0 leather armour "Ywajowus" (worn) {rC+ Str+4 Dex+5}
   (You found it on level 4 of the Dungeon)

   It affects your strength (+4).
   It affects your dexterity (+5).
   It protects you from cold.
 p - a +0 buckler
Jewellery
 j - a ring of positive energy (left hand)
 r - an amulet of magic regeneration (around neck)
 t - a ring of protection from magic (right hand)
 C - an uncursed ring of attention
 D - an uncursed ring of teleportation
Wands
 i - a wand of paralysis (4)
 v - a wand of iceblast (11)
 y - a wand of flame (9)
 z - a wand of disintegration (9)
Scrolls
 h - 7 scrolls of identify
 q - 2 scrolls of fear
 w - a scroll of teleportation
 x - a scroll of fog
 A - a scroll of amnesia
 E - a scroll of enchant weapon
Potions
 g - 3 potions of brilliance
 l - 4 potions of curing
 m - 4 potions of heal wounds
 o - 2 potions of haste
 u - a potion of might
Comestibles
 c - 26 rations


   Skills:
 - Level 7.3 Fighting
 + Level 15.6 Long Blades
 - Level 6.7 Dodging
 - Level 1.5 Stealth
 - Level 4.2 Shields
 - Level 7.3 Invocations
 + Level 8.4 Evocations


You had 11 spell levels left.
You didn't know any spells.
Your spell library contained the following spells:

 Spells                   Type           Power        Failure   Level  Hunger
 Beastly Appendage        Tmut           #.....       56%         1    ##.....
 Freeze                   Ice            #...         56%         1    ##.....
 Sticks to Snakes         Tmut           #.......     71%         2    ###....
 Throw Frost              Conj/Ice       #.....       71%         2    ###....
 Ozocubu's Armour         Chrm/Ice       #.......     91%         3    ####...
 Spider Form              Tmut/Pois      #.........   91%         3    ####...
 Cause Fear               Hex            #.........   100%        4    #####..
 Ice Form                 Ice/Tmut       #.......     100%        4    #####..
 Summon Ice Beast         Ice/Summ       #.......     100%        4    #####..
 Throw Icicle             Conj/Ice       #.......     100%        4    #####..
 Blade Hands              Tmut           #.........   100%        5    ######.
 Silence                  Hex/Air        #.........   100%        5    ######.
 Yara's Violent Unravell  Hex/Tmut       #.........   100%        5    ######.
 Deflect Missiles         Chrm/Air       #.........   100%        6    #######
 Discord                  Hex            #.........   100%        8    #######


Dungeon Overview and Level Annotations

Branches:
Dungeon (8/15)             Temple (1/1) D:6            Lair (5/6) D:8
 Shoals (0/4) Lair:3       Spider (0/4) Lair:3
  Slime: Lair:5-6

Altars:
Ashenzari
Dithmenos
Gozag
Hepliaklqana
Okawaru
Sif Muna
Vehumet
The Shining One

Shops:
D:6 (

Annotations:
D:4 1 runed translucent door, FishyPogo's ghost, amateur GnSk
D:8 1 runed translucent door
Lair:1 exclusion: hydra


Innate Abilities, Weirdness & Mutations

You reflexively headbutt those who attack you in melee.
You have a pair of horns on your head.


Message History

You hit the komodo dragon.
The komodo dragon is almost dead.
The komodo dragon bites you!
You barely miss the komodo dragon. You headbutt the komodo dragon.
The komodo dragon is almost dead.
You slice the komodo dragon!!
You kill the komodo dragon!
Okawaru accepts your kill. The catoblepas completely misses you.
You furiously retaliate!
You headbutt the catoblepas, but do no damage.
You slice the catoblepas!! You headbutt the catoblepas.
The catoblepas is moderately wounded.
You hit the catoblepas. You headbutt the catoblepas.
The catoblepas is heavily wounded.
The catoblepas gores you!!
* * * LOW HITPOINT WARNING * * *
You hit the catoblepas but do no damage.
The catoblepas is heavily wounded.
The catoblepas gores you!!
You die...

.........#
.........####.###......#
.............#....P.....
........................
........................
........................
........................
........................
................@.......
.....(...........Y......
.............P..........
........................
...P............P.......
........................
.......##......P........
#.......##..............
#.#....P.)..............


You could see a catoblepas.

Vanquished Creatures
  A hydra (Lair:3)
  A death yak (Lair:4)
  Maurice (D:8)
  A black mamba (Lair:5)
  A torpor snail (Lair:4)
  9 spiny frogs
  2 rime drakes
  3 komodo dragons
  Prince Ribbit (D:5)
  5 hippogriffs
  Sigmund (D:4)
  2 spriggans (Lair:4)
  2 wyverns
  A fire bat (Lair:5)
  3 basilisks
  10 yaks
  A hungry ghost (D:8)
  4 water moccasins
  9 porcupines
  2 ice beasts
  A sky beast (D:4)
  A black bear (Lair:4)
  A phantom (D:7)
  2 orc warriors
  3 ogres
  A centaur (D:6)
  12 wolves
  8 crocodiles
  10 bullfrogs
  Blork the orc (D:4)
  A scorpion (D:7)
  2 howler monkeys
  2 electric eels (Lair:2)
  3 crimson imps
  A centaur zombie (D:7)
  2 hounds (D:7)
  A jelly (D:6)
  5 orc priests
  A centaur skeleton (D:4)
  An iguana (D:4)
  4 orc wizards
  6 worker ants
  8 adders
  A shadow imp (D:7)
  2 oozes (D:4)
  An adder skeleton (D:4)
  A worm (D:3)
  5 leopard geckos
  17 orcs
  A ball python (D:6)
  8 bats
  4 giant cockroaches
  10 hobgoblins
  8 jackals
  2 quokkas
  4 frilled lizards
  6 goblins
  6 kobolds
  2 quokka skeletons (D:4)
  7 rats
222 creatures vanquished.

Vanquished Creatures (others)
  5 fungi
  30 plants
35 creatures vanquished.

Grand Total: 257 creatures vanquished

Notes
Turn   | Place    | Note
-------+----------+-------------------------------------------
     0 | D:1      | Curus the Minotaur Monk began the quest for the Orb.
     0 | D:1      | Reached XP level 1. HP: 19/19 MP: 0/0
    75 | D:1      | Reached skill level 4 in Long Blades
   142 | D:1      | Reached XP level 2. HP: 26/26 MP: 1/1
   592 | D:1      | Reached skill level 5 in Long Blades
   685 | D:2      | Reached XP level 3. HP: 28/31 MP: 2/2
  1183 | D:2      | Reached skill level 6 in Long Blades
  1183 | D:2      | Reached XP level 4. HP: 33/39 MP: 3/3
  1466 | D:3      | Reached skill level 7 in Long Blades
  1466 | D:3      | Reached XP level 5. HP: 33/45 MP: 4/4
  1914 | D:4      | Got a bloodstained leather armour
  1925 | D:4      | Identified the +0 leather armour "Ywajowus" {rC+ Str+4
                  | Dex+5} (You found it on level 4 of the Dungeon)
  1929 | D:4      | Noticed Sigmund
  1937 | D:4      | Killed Sigmund
  1937 | D:4      | Reached skill level 8 in Long Blades
  1937 | D:4      | Reached XP level 6. HP: 38/51 MP: 5/5
  1940 | D:4      | Reached skill level 9 in Long Blades
  1972 | D:4      | Noticed a sky beast
  1975 | D:4      | Found a runed translucent door.
  1985 | D:4      | Killed a sky beast
  1985 | D:4      | Reached XP level 7. HP: 31/57 MP: 6/6
  1986 | D:4      | Noticed FishyPogo's ghost (amateur GnSk)
  2230 | D:4      | Reached skill level 10 in Long Blades
  2290 | D:4      | Noticed Blork the orc
  2306 | D:4      | Killed Blork the orc
  2512 | D:5      | Entered Level 5 of the Dungeon
  2949 | D:5      | Noticed Prince Ribbit
  3067 | D:5      | Reached skill level 11 in Long Blades
  3156 | D:5      | Killed Prince Ribbit
  3156 | D:5      | Reached XP level 8. HP: 35/64 MP: 7/7
  3334 | D:6      | Found Cecsosh's Weapon Boutique.
  3363 | D:6      | Found a staircase to the Ecumenical Temple.
  3373 | Temple   | Entered the Ecumenical Temple
  3390 | Temple   | Became a worshipper of Warmaster Okawaru
  3390 | Temple   | Reached * piety under Okawaru
  3390 | Temple   | Reached ** piety under Okawaru
  3488 | D:6      | Reached skill level 12 in Long Blades
  3815 | D:6      | Reached skill level 13 in Long Blades
  4257 | D:7      | Reached *** piety under Okawaru
  4435 | D:7      | Reached XP level 9. HP: 70/70 MP: 8/8
  4674 | D:7      | Reached skill level 14 in Long Blades
  5082 | D:8      | Found a runed translucent door.
  5127 | D:8      | Reached skill level 5 in Fighting
  5184 | D:7      | Reached skill level 5 in Dodging
  5351 | D:8      | Noticed Maurice
  5387 | D:8      | Killed Maurice
  5387 | D:8      | Reached **** piety under Okawaru
  5401 | D:8      | Found a staircase to the Lair.
  5431 | Lair:1   | Entered Level 1 of the Lair of Beasts
  5462 | Lair:1   | Reached skill level 1 in Shields
  5462 | Lair:1   | Reached skill level 1 in Invocations
  5495 | Lair:1   | Reached XP level 10. HP: 51/86 MP: 10/10
  5622 | Lair:1   | Noticed a spiny frog
  5630 | Lair:1   | Killed a spiny frog
  5630 | Lair:1   | Reached ***** piety under Okawaru
  5633 | Lair:1   | Noticed a four-headed hydra
  5718 | Lair:1   | Noticed a spiny frog
  5725 | Lair:1   | Killed a spiny frog
  5736 | Lair:1   | Reached skill level 1 in Evocations
  6365 | Lair:2   | Noticed a spiny frog
  6373 | Lair:2   | Killed a spiny frog
  6405 | Lair:2   | Reached skill level 5 in Invocations
  6471 | Lair:2   | Noticed a spiny frog
  6471 | Lair:2   | Noticed a spiny frog
  6483 | Lair:2   | Killed a spiny frog
  6492 | Lair:2   | Killed a spiny frog
  7443 | Lair:2   | Noticed a spiny frog
  7453 | Lair:2   | Killed a spiny frog
  7453 | Lair:2   | Received a gift from Okawaru
  7453 | Lair:2   | Reached skill level 5 in Evocations
  7453 | Lair:2   | Reached XP level 11. HP: 47/92 MP: 13/15
  7454 | Lair:2   | Got a pitted great sword {god gift}
  7651 | Lair:2   | Identified the +1 great sword of Linearity {speed, +Inv
                  | rElec} (Okawaru gifted it to you on level 2 of the Lair of
                  | Beasts)
  7784 | Lair:3   | Noticed a four-headed hydra
  8123 | Lair:3   | Found a staircase to the Shoals.
  8143 | Lair:3   | Killed a seven-headed hydra
  8400 | Lair:3   | Found a hole to the Spider Nest.
  9124 | Lair:4   | Received a gift from Okawaru
  9125 | Lair:4   | Got a smoking hat {god gift}
  9131 | Lair:4   | Identified the +3 hat "Rolaofau" {rPois Regen+ Int-5}
                  | (Okawaru gifted it to you on level 4 of the Lair of Beasts)
  9415 | Lair:4   | Reached skill level 15 in Long Blades
 10143 | Lair:5   | Noticed a death yak
 10150 | Lair:5   | Noticed a catoblepas
 10165 | Lair:4   | Killed a death yak
 10348 | Lair:5   | Reached XP level 12. HP: 79/100 MP: 17/17
 10379 | Lair:5   | Slain by a catoblepas

Levels and vault maps discovered:
D:1:      dpeg_arrival_rhombus, layout_loops_ring
D:2:      layout_basic, minmay_misc_feat_rugged
D:3:      layout_loops_cross
D:4:      layout_cave_pools, gammafunk_ghost_grave, uniq_sigmund,
          uniq_blork_the_orc
D:5:      layout_loops_corners, first_ration, uniq_prince_ribbit1
D:6:      layout_loops_corners, minmay_temple_entry_junction, serial_shops,
          nicolae_shop_waterfront
D:7:      layout_layer_cave, kennysheep_generic_room_5
D:8:      cheibrodos_histonic, layout_basic, minmay_lair_entry_grove,
          uniq_maurice, uniq_grum
Temple:   compressed_dpeg_circular_temple
Lair:1:   layout_roguey, grunt_forest_small_clearing_treed
Lair:2:   layout_big_grid, serial_bayou_lagoon_b
Lair:3:   layout_concentric_octagons, elwin_shoals_entry_rocks,
          spider_nest_entry_web_field
Lair:4:   wad_woods_tower, layout_layer_cave
Lair:5:   layout_gridlike, st_stairs_8, nicolae_lair_yak_garden,
          lemuel_fruit_tree, infiniplex_staircase_pool_2, lemuel_fruit_fields,
          uniq_urug

Skill      XL: |  1  2  3  4  5  6  7  8  9 10 11 |
---------------+----------------------------------+-----
Long Blades    | 4 5 6 7 8 9 11 13 14 15 | 15.6
Fighting       | 7 |  7.3
Dodging        | 6 |  6.7
Shields        | 2 4 |  4.2
Invocations    | 1 6 7 |  7.3
Evocations     | 5 8 |  8.4
Stealth        | |  1.5

Action                   |  1- 3 |  4- 6 |  7- 9 | 10-12 || total
-------------------------+-------+-------+-------+-------++-------
Melee: Falchion          |    76 |    76 |   274 |       ||   426
       Headbutt          |    15 |    17 |    96 |   110 ||   238
       Scimitar          |       |       |     2 |   117 ||   119
       Great sword       |       |       |       |   182 ||   182
Invok: Heroism           |       |       |       |     3 ||     3
Evoke: Wand              |       |       |     1 |     3 ||     4
  Use: Potion            |     5 |     3 |     3 |     2 ||    13
       Scroll            |     5 |     3 |       |     5 ||    13
 Stab: Sleeping          |     5 |     1 |     5 |     3 ||    14
  Eat: Chunk             |     1 |     2 |     8 |     8 ||    19
       Ration            |       |       |     2 |     2 ||     4
Armor: Ring mail         |    24 |    14 |       |       ||    38
       Robe              |     2 |       |       |       ||     2
       Leather armour    |       |     3 |    32 |    31 ||    66
Dodge: Dodged            |    51 |    33 |    99 |   186 ||   369
Block: Buckler           |       |       |    25 |    25 ||    50
       Rpst.: Falchion   |    19 |     5 |    31 |       ||    55
       Scimitar          |       |       |     1 |    18 ||    19
       Great sword       |       |       |       |    41 ||    41
